 Dungeon Crawl Stone Soup version 0.17.1-2-g5865329 (webtiles) character file.

29440 Miyamura the Basher (level 13, 0/169 HPs)
             Began as a White Draconian Air Elementalist on Feb 13, 2016.
             Was an Elder of Vehumet.
             Succumbed to a black mamba's poison
             ... on level 1 of the Lair of Beasts.
             The game lasted 01:20:51 (24251 turns).

Miyamura the Basher (DrAE)                         Turns: 24251, Time: 01:20:51

Health: 0/169      AC: 26    Str: 11    XL:     13   Next: 15%
Magic:  25/25      EV:  2    Int: 20    God:    Vehumet [****..]
Gold:   592        SH:  0    Dex: 12    Spells: 7 memorised, 11 levels left

rFire  + . .     SeeInvis .     x - +7 flail of the Priest {crush, rC+}
rCold  + . .     Clarity  .     (armour unavailable)
rNeg   + + +     SustAt   .     (no shield)
rPois  +         Gourm    .     (helmet currently unavailable)
rElec  .         Spirit   .     (cloak currently unavailable)
rCorr  .         Warding  .     (gloves currently unavailable)
rMut   .         NoTele   +     (boots currently unavailable)
MR     .....                    (no amulet)
Stlth  +++++.....               I - ring of stealth
                                l - ring of protection from fire

@: lethally poisoned (0 -> -29), exhausted, tree-form, very slightly
contaminated, slowed, repel missiles, invisible, very slow, not resistant to
hostile enchantments, quite stealthy
A: (breathe frost), unfitting armour, (cold resistance 0), (cold-blooded), AC +8
a: Renounce Religion


You were on level 1 of the Lair of Beasts.
You worshipped Vehumet.
Vehumet was greatly pleased with you.
You were not hungry.
You were a tree.
You visited 3 branches of the dungeon, and saw 15 of its levels.
You also visited: Bailey and Volcano.

You collected 592 gold pieces.

Inventory:

Hand Weapons
 w - the +5 dagger of Disintegration {drain, rF+ rN++ MR-}
   (You took it off an orc priest on level 8 of the Dungeon)

   A truly terrible weapon, it drains the life of those it strikes.
   It protects you from fire.
   It greatly protects you from negative energy.
   It affects your resistance to hostile enchantments.
 x - the +7 flail of the Priest (weapon) {crush, rC+}
   (You found it on level 6 of the Dungeon)

   It inflicts extra damage upon your enemies.
   It protects you from cold.
 z - a +1 whip of freezing
Armour
 p - a +1 cloak (melded)
 K - a +1 pair of boots (melded)
Magical Staves
 D - an uncursed staff of wizardry
Rods
 L - a +1 rod of shadows (10/10)
   (You found it on level 10 of the Dungeon)
Jewellery
 f - an uncursed ring of invisibility
 i - an uncursed ring of flight {unknown}
 l - a ring of protection from fire (left branch)
 B - an uncursed ring of ice {unknown}
 H - a cursed ring of loudness {unknown}
 I - a ring of stealth (right branch)
Wands
 c - a wand of teleportation (1)
 g - a wand of slowing (29)
 n - a wand of digging (12)
 o - a wand of enslavement (14)
 r - a wand of lightning (3)
 s - a wand of enslavement (0)
 A - a wand of cold (8)
 C - a wand of lightning (5)
 E - a wand of paralysis (9)
 G - a wand of draining (0)
 M - a wand of slowing (23)
Scrolls
 e - 2 scrolls of amnesia
 m - 2 scrolls of enchant weapon
 y - 4 scrolls of remove curse
Potions
 h - a potion of berserk rage
 j - 3 potions of brilliance
 k - 3 potions of cancellation
 t - 2 potions of haste
 u - a potion of cure mutation
 J - a potion of agility
Books
 a - a book of Air

   Spells                             Type                      Level
   a - Shock                          Conjuration/Air              1
   b - Swiftness                      Charms/Air                   2
   c - Repel Missiles                 Charms/Air                   2
   d - Static Discharge               Conjuration/Air              3
   e - Lightning Bolt                 Conjuration/Air              5
 O - a book of Envenomations

   Spells                             Type                      Level
   a - Spider Form                    Transmutation/Poison         3
   b - Alistair's Intoxication        Transmutation/Poison         4
   c - Olgreb's Toxic Radiance        Poison                       4
   d - Poisonous Cloud                Conjuration/Poison/Air       6
 P - a book of Conjurations

   Spells                             Type                      Level
   a - Magic Dart                     Conjuration                  1
   b - Searing Ray                    Conjuration                  2
   c - Dazzling Spray                 Conjuration/Hexes            3
   d - Fulminant Prism                Conjuration/Hexes            4
   e - Iskenderun's Mystic Blast      Conjuration                  4
   f - Iskenderun's Battlesphere      Conjuration/Charms           5
Comestibles
 b - 4 bread rations
 d - 2 meat rations
 v - 2 fruits


   Skills:
 + Level 10.1 Fighting
 + Level 11.5 Maces & Flails
 + Level 8.4 Dodging
 - Level 4.0 Stealth
 - Level 3.6 Unarmed Combat
 + Level 8.9 Spellcasting
 - Level 1.0 Conjurations
 + Level 9.9 Air Magic


You had 11 spell levels left.
You knew the following spells:

 Your Spells              Type           Power        Failure   Level  Hunger
a - Shock                 Conj/Air       ####         1%          1    None
i - Ignite Poison         Fire/Trmt/Pois #.......     7%          3    None
l - Lightning Bolt        Conj/Air       ####......   7%          5    #####..
p - Spider Form           Trmt/Pois      #.........   24%         3    None
r - Searing Ray           Conj           ##....       2%          2    None
s - Swiftness             Chrm/Air       ####....     1%          2    None
R - Repel Missiles        Chrm/Air       ####..       1%          2    None


Dungeon Overview and Level Annotations

Branches:
Dungeon (12/15)            Temple (1/1) D:6            Lair (2/8) D:8
    Orc (0/4) D:9

Altars:
Ashenzari
Cheibriados
Dithmenos
Elyvilon
Fedhas
Gozag
Kikubaaqudgha
Makhleb
Nemelex Xobeh
Okawaru
Qazlal
Ru
Sif Muna
Trog
Vehumet
Xom
Yredelemnul
Zin
The Shining One
Beogh

Annotations:
D:2 Jessica, Natasha


Innate Abilities, Weirdness & Mutations

((You can breathe waves of freezing cold.))
((You can buffet flying creatures when you breathe cold.))
((Your icy white scales are hard (AC +8).))
Your body does not fit into most forms of armour.
((Your flesh is cold resistant.))
((You are cold-blooded and may be slowed by cold attacks.))


Message History

It was a potion of invisibility.
You fade into invisibility!
* * * LOW HITPOINT WARNING * * *
You feel very sick.
You are very lightly contaminated with residual magic.
Drink which item? (? for menu, Esc to quit)
Okay, then.
Read which item? (? for menu, Esc to quit)
Okay, then.
Evoke which item? (* to show all) (? for menu, Esc to quit)
Okay, then.
Read which item? (? for menu, Esc to quit)
Okay, then.
Read which item? (? for menu, Esc to quit)
Okay, then.
Drink which item? (? for menu, Esc to quit)
Okay, then.
* * * LOW HITPOINT WARNING * * *
You feel very sick.
You die...

##÷.#............###..##
##.................###..##
#(..................##...#
...........>........###..##
..##................#
##..##
####................# #...#
#................# ##..###
##...............# ##...#
## #.#.........♣..##
#...###. #.##...........#
##...#.. ##.#####...>....#
#.#..##. #P..# #.##....##
##.....# ##..############
###...# #.....###### #.###
##.......#.#### ##.#
#.#.........#.# #.##
#.............### ##..#


There were no monsters in sight!

Vanquished Creatures
  A hydra (D:11)
  The ghost of Yermak the Slicer, a novice SpBe of Trog (D:11)
  The ghost of emiel the Impaler, a novice MfAr (Bailey)
  Pikel (D:9)
  3 hill giants
  6 statues (Volcano)
  An ugly thing (D:11)
  A deep elf conjurer (D:9)
  A manticore (D:11)
  The ghost of seren the Conjurer, a novice DEFE of Vehumet (D:6)
  3 black mambas (Lair:1)
  A smoke demon (Volcano)
  A spiny frog (Lair:1)
  A redback zombie (Bailey)
  2 fire drakes (Lair:1)
  3 trolls
  4 flying skulls
  A wraith (D:5)
  5 yaks (D:11)
  7 hippogriffs
  A steam dragon (D:11)
  A fire bat (Volcano)
  A hungry ghost (D:8)
  3 wolves (D:8)
  7 ice beasts
  3 water moccasins
  3 slaves (D:9)
  3 porcupines (Lair:1)
  4 sky beasts
  14 orc warriors
  3 phantoms
  11 ogres
  A big kobold (D:7)
  4 centaurs
  14 giant frogs
  2 crocodiles (Lair:1)
  10 killer bees
  A scorpion (D:11)
  12 wights
  5 jellies
  3 electric eels
  A giant frog zombie (D:6)
  4 lava snakes (Volcano)
  A quasit (D:9)
  A wasp zombie (D:11)
  9 crimson imps
  4 centaur zombies
  5 hounds
  6 orc priests
  Ijyb (D:2)
  4 centaur skeletons
  A giant frog skeleton (D:9)
  4 worker ants
  Natasha (twice) (D:2)
  9 orc wizards
  6 iguanas
  2 hound zombies
  A worker ant zombie (D:9)
  Robin (D:3)
  18 adders
  14 gnolls
  A river rat (Lair:1)
  3 shadow imps
  2 oozes
  2 worms (D:3)
  14 giant geckos
  52 orcs
  4 bats
  27 goblins
  28 hobgoblins
  10 jackals
  8 quokkas
  A ball python (D:4)
  4 giant cockroaches
  16 giant newts
  9 kobolds
  8 rats
434 creatures vanquished.

Vanquished Creatures (collateral kills)
  An ogre (D:8)
  A scorpion (D:4)
  An electric eel (D:8)
  A hound (D:4)
  An orc (Bailey)
  A goblin (Bailey)
  3 hobgoblins (Bailey)
9 creatures vanquished.

Vanquished Creatures (others)
  An orc warrior (Bailey)
  An orc wizard (D:9)
  An iguana skeleton (D:4)
  A jackal (D:8)
  2 bushes (D:11)
  A fungus (Lair:1)
7 creatures vanquished.

Grand Total: 450 creatures vanquished

Notes
Turn   | Place    | Note
--------------------------------------------------------------
     0 | D:1      | Miyamura the Draconian Air Elementalist began the quest for the Orb.
     0 | D:1      | Reached XP level 1. HP: 14/14 MP: 3/3
   359 | D:1      | Reached XP level 2. HP: 20/20 MP: 5/5
   363 | D:1      | Learned a level 2 spell: Swiftness
   366 | D:1      | Learned a level 2 spell: Repel Missiles
  1054 | D:2      | Reached XP level 3. HP: 27/27 MP: 6/6
  1243 | D:2      | Found a faded altar to an unknown god.
  1272 | D:2      | Noticed Natasha
  1369 | D:2      | Reached skill level 1 in Unarmed Combat
  1447 | D:2      | Noticed Jessica
  1823 | D:2      | Found an opulent altar of Gozag.
  1900 | D:2      | Noticed Ijyb
  1959 | D:2      | Killed Ijyb
  1959 | D:2      | Reached skill level 1 in Fighting
  1959 | D:2      | Reached XP level 4. HP: 32/35 MP: 6/8
  2441 | D:2      | Became a worshipper of Yredelemnul the Dark
  2441 | D:2      | Reached * piety under Yredelemnul
  2463 | D:2      | Killed Natasha
  2676 | D:2      | Noticed Natasha
  2692 | D:2      | Killed Natasha
  2692 | D:2      | Reached XP level 5. HP: 21/40 MP: 4/9
  2798 | D:2      | Noticed Natasha
  3340 | D:3      | Noticed Robin
  3363 | D:3      | Killed Robin
  3363 | D:3      | Reached ** piety under Yredelemnul
  4500 | D:3      | Reached skill level 4 in Air Magic
  4500 | D:3      | Reached XP level 6. HP: 50/50 MP: 6/11
  6154 | D:4      | Your scales start taking on an icy white colour.
  6154 | D:4      | Gained mutation: Your flesh is cold resistant. [White Draconian growth]
  6154 | D:4      | Reached XP level 7. HP: 48/56 MP: 5/12
  6595 | D:5      | Entered Level 5 of the Dungeon
  6595 | D:5      | Found an ancient bone altar of Kikubaaqudgha.
  7490 | D:6      | Found a staircase to the Ecumenical Temple.
  7888 | D:6      | Noticed seren's ghost (novice DEFE)
  7988 | D:6      | Reached XP level 8. HP: 66/66 MP: 10/14
  8037 | D:6      | Found a bloodstained altar of Trog.
  8098 | D:6      | Reached *** piety under Yredelemnul
  8162 | D:6      | Got a jewelled flail
  8163 | D:6      | Identified the +7 flail of the Priest {crush, rC+} (You found it on level 6 of the Dungeon)
  8177 | D:6      | Reached skill level 5 in Air Magic
  8426 | D:6      | Found a radiant altar of Vehumet.
  8426 | D:6      | Found an iron altar of Okawaru.
  8427 | D:6      | Found a shadowy altar of Dithmenos.
  8433 | D:6      | Reached skill level 1 in Maces & Flails
  8440 | D:6      | Fell from the grace of Yredelemnul
  8440 | D:6      | Became a worshipper of Vehumet
  9095 | D:6      | Killed seren's ghost
  9095 | D:6      | Reached skill level 5 in Fighting
  9095 | D:6      | Reached skill level 5 in Spellcasting
  9120 | Temple   | Entered the Ecumenical Temple
  9610 | D:6      | Reached XP level 9. HP: 64/74 MP: 16/16
 10165 | D:7      | Reached skill level 6 in Air Magic
 10176 | D:7      | Reached * piety under Vehumet
 10176 | D:7      | Offered knowledge of Magic Dart by Vehumet.
 10227 | D:7      | Found a flagged portal.
 10236 | Bailey   | Entered a bailey
 10253 | Bailey   | Noticed emiel's ghost (novice MfAr)
 10285 | Bailey   | Killed emiel's ghost
 10285 | Bailey   | Reached skill level 5 in Dodging
 10460 | Bailey   | Reached ** piety under Vehumet
 10460 | Bailey   | Offered knowledge of Throw Flame by Vehumet.
 11671 | Bailey   | Noticed an orc warlord
 11851 | Bailey   | Noticed a phantasmal warrior
 11886 | Bailey   | Identified a scroll of acquirement
 11937 | D:7      | Offered knowledge of Searing Ray by Vehumet.
 12078 | D:7      | Reached XP level 10. HP: 68/84 MP: 15/19
 12079 | D:7      | Reached skill level 7 in Air Magic
 12146 | D:7      | Learned a level 2 spell: Searing Ray
 12789 | D:8      | Reached *** piety under Vehumet
 12995 | D:7      | Noticed a phantasmal warrior
 13269 | D:8      | Noticed a phantasmal warrior
 13269 | D:8      | Noticed a phantasmal warrior
 13356 | D:8      | Reached skill level 5 in Maces & Flails
 13589 | D:8      | Got a crystal dagger {drain}
 13775 | D:8      | Identified the +5 dagger of Disintegration {drain, rF+ rN++ MR-} (You took it off an orc priest on level 8 of the Dungeon)
 13847 | D:8      | Was forgiven by Yredelemnul
 14012 | D:9      | Offered knowledge of Inner Flame by Vehumet.
 14622 | D:9      | Found a staircase to the Orcish Mines.
 14781 | D:9      | Found a white marble altar of Elyvilon.
 14800 | D:9      | Reached skill level 8 in Air Magic
 14890 | D:9      | Noticed a deep elf conjurer
 14900 | D:9      | Killed a deep elf conjurer
 14900 | D:9      | Reached **** piety under Vehumet
 15008 | D:9      | Reached skill level 10 in Maces & Flails
 15008 | D:9      | Reached XP level 11. HP: 90/94 MP: 21/21
 15652 | D:9      | Found a roughly hewn altar of Beogh.
 15681 | D:9      | Reached XP level 12. HP: 39/102 MP: 23/23
 15692 | D:9      | Offered knowledge of Ignite Poison by Vehumet.
 15718 | D:9      | Learned a level 3 spell: Ignite Poison
 16090 | D:9      | Noticed Pikel
 16171 | D:9      | Killed Pikel
 16299 | D:10     | Entered Level 10 of the Dungeon
 18029 | D:11     | Found a blossoming altar of Fedhas.
 18454 | D:11     | Learned a level 5 spell: Lightning Bolt
 18527 | D:11     | Noticed a seven-headed hydra
 18530 | D:11     | Killed a seven-headed hydra
 19168 | D:11     | Noticed Yermak's ghost (novice SpBe)
 19181 | D:11     | Killed Yermak's ghost
 19369 | D:11     | Reached skill level 11 in Maces & Flails
 19638 | D:11     | Reached ***** piety under Vehumet
 20270 | D:8      | Found a staircase to the Lair.
 20588 | D:8      | Offered knowledge of Conjure Ball Lightning by Vehumet.
 20604 | Lair:1   | Entered Level 1 of the Lair of Beasts
 20848 | Lair:1   | Found a dark tunnel.
 20860 | Volcano  | Entered a volcano
 22391 | Volcano  | Reached XP level 13. HP: 40/113 MP: 25/25
 22678 | Volcano  | Found an opulent altar of Gozag.
 23262 | Lair:1   | Reached skill level 10 in Fighting
 23633 | Lair:1   | Learned a level 3 spell: Spider Form
 24250 | Lair:1   | HP: 5/169 [poisoned by a black mamba]
 24251 | Lair:1   | Succumbed to a black mamba's poison

Action                   |  1- 3 |  4- 6 |  7- 9 | 10-12 | 13-15 || total
-------------------------+-------+-------+-------+-------+-------++-------
Melee: Unarmed           |    56 |   128 |    67 |       |    10 ||   261
       Flail             |       |       |   267 |   676 |    88 ||  1031
 Cast: Shock             |    38 |   124 |   106 |    41 |     1 ||   310
       Repel Missiles    |     1 |       |     1 |     1 |       ||     3
       Swiftness         |       |       |     1 |     1 |       ||     2
       Searing Ray       |       |       |       |    10 |       ||    10
       Lightning Bolt    |       |       |       |    12 |     2 ||    14
       Spider Form       |       |       |       |       |     1 ||     1
Invok: Animate Remains   |       |     1 |       |       |       ||     1
 Abil: Breathe Frost     |       |       |    28 |    30 |     5 ||    63
Evoke: Wand              |       |     2 |    11 |    18 |       ||    31
  Use: Scroll            |     3 |     6 |    13 |    18 |       ||    40
       Potion            |       |     2 |     8 |     9 |     6 ||    25
 Stab: Distracted        |     1 |       |       |     2 |       ||     3
       Sleeping          |     2 |     3 |     1 |     5 |       ||    11
  Eat: Chunk             |     4 |    13 |    14 |    22 |     1 ||    54
       Bread ration      |       |       |     2 |       |       ||     2
       Meat ration       |       |       |     1 |     4 |     1 ||     6
       Beef jerky        |       |       |     1 |       |       ||     1
       Pizza             |       |       |       |     3 |     1 ||     4
